 Dungeon Crawl Stone Soup version 0.27.1-1-g398f81649c (webtiles) character file.

Game seed: 17935953719429635385

12931 loralnil the Frost Mage (level 11, -19/92 HPs)
             Began as a White Draconian Ice Elementalist on Sept 18, 2021.
             Was a Priest of Sif Muna.
             Demolished by a very large slime creature (28 damage)
             ... on level 12 of the Dungeon.
             The game lasted 00:27:10 (14409 turns).

loralnil the Frost Mage (DrIE)                     Turns: 14409, Time: 00:27:10

Health: -19/92     AC: 17    Str: 10    XL:     11   Next: 68%
Magic:  6/23       EV: 15    Int: 18    God:    Sif Muna [***...]
Gold:   731        SH:  0    Dex: 13    Spells: 11/26 levels left

rFire    . . .     SeeInvis +   y - +8 war axe (freeze)
rCold    + . .     Faith    .   (no shield)
rNeg     . . .     Spirit   .   (armour unavailable)
rPois    .         Reflect  .   (helmet restricted)
rElec    .         Harm     .   b - +0 cloak
rCorr    +         Rampage  .   u - +0 pair of gloves
Will     .....                  (no boots)
Stlth    ++........             (no amulet)
HPRegen  0.25/turn              I - ring of resist corrosion
MPRegen  0.18/turn              v - ring of see invisible

@: ice-armoured
A: breathe frost, AC +7, unfitting armour, cold resistance 1, cold-blooded
a: Breathe Frost, Renounce Religion, Channel Magic, Forget Spell


You were on level 12 of the Dungeon.
You worshipped Sif Muna.
Sif Muna was most pleased with you.
You visited 2 branches of the dungeon, and saw 13 of its levels.

You collected 773 gold pieces.
You spent 42 gold pieces at shops.

Inventory:

Hand Weapons
 y - a +8 war axe of freezing (weapon)
 H - a +2 mace of draining
Missiles
 x - 6 throwing nets
Armour
 b - a +0 cloak (worn)
 l - a +0 buckler
 u - a +0 pair of gloves (worn)
Jewellery
 q - a ring of ice
 v - a ring of see invisible (right hand)
 I - a ring of resist corrosion (left hand)
Wands
 d - a wand of flame (11)
 g - a wand of charming (4)
 h - a wand of acid (21)
 i - a wand of paralysis (23)
 p - a wand of mindburst (22)
 G - a wand of polymorph (7)
Scrolls
 e - 4 scrolls of fog
 f - a scroll of enchant weapon {unknown}
 j - 2 scrolls of amnesia
 m - a scroll of summoning {unknown}
 n - 3 scrolls of teleportation
 r - 2 scrolls of blinking
 s - 2 scrolls of immolation
 z - 2 scrolls of noise {unknown}
 A - a scroll of fear {unknown}
 B - 2 scrolls of brand weapon {unknown}
 C - a scroll of holy word {unknown}
 E - a scroll of silence {unknown}
 F - a scroll of enchant armour {unknown}
Potions
 a - a potion of might
 c - 8 potions of brilliance
 k - 4 potions of mutation
 o - 2 potions of curing
 t - 3 potions of flight
 w - 2 potions of lignification
 D - a potion of magic


   Skills:
 - Level 7.0 Fighting
 - Level 5.0 Maces & Flails
 - Level 7.0 Dodging
 - Level 2.0 Stealth
 - Level 4.0 Shields
 - Level 8.0 Spellcasting
 - Level 7.0 Conjurations
 + Level 7.7 Necromancy
 - Level 9.0 Ice Magic


You had 11 spell levels left.
You knew the following spells:

 Your Spells              Type           Power      Damage    Failure   Level
a - Freeze                Ice            100%       1d11      1%          1
b - Frozen Ramparts       Ice            78%        1d9       1%          3
c - Ozocubu's Armour      Ice            39%        N/A       1%          3
d - Hailstorm             Conj/Ice       36%        3d9       3%          4
e - Pain                  Necr           100%       1d9       1%          1
f - Vampiric Draining     Necr           17%        2d8       1%          3

Your spell library contained the following spells:

 Spells                   Type           Power      Damage    Failure   Level
 Animate Skeleton         Necr           70%        N/A       1%          1
 Foxfire                  Conj/Fire      76%        2x1d7     2%          1
 Static Discharge         Conj/Air       19%        N/A       3%          2
 Dispel Undead            Necr           35%        3d15      4%          4
 Conjure Flame            Conj/Fire      19%        6-21      7%          3
 Dazzling Flash           Conj/Hex       38%        N/A       7%          3
 Agony                    Necr           35%        N/A       12%         5
 Excruciating Wounds      Necr           17%        N/A       12%         5
 Fulminant Prism          Conj/Hex       9%         3d7       22%         4
 Iskenderun's Mystic Bla  Conj/Tloc      19%        2d6       22%         4
 Sticky Flame             Conj/Fire      19%        2d4       22%         4
 Call Canine Familiar     Summ           7%         N/A       28%         3
 Inner Flame              Hex/Fire       7%         N/A       28%         3
 Portal Projectile        Hex/Tloc       14%        N/A       28%         3
 Leda's Liquefaction      Hex/Erth       3%         N/A       67%         4
 Passage of Golubria      Tloc           N/A        N/A       67%         4
 Lee's Rapid Deconstruct  Erth           3%         3d6*      95%         5
 Silence                  Hex/Air        3%         N/A       95%         5
 Lehudib's Crystal Spear  Conj/Erth      9%         10d4      100%        8


Dungeon Overview and Level Annotations

Branches:
Dungeon (12/15)            Temple (1/1) D:6            Lair (0/6) D:9
    Orc (0/2) D:9

Altars:
Ashenzari
Cheibriados
Dithmenos
Elyvilon
Fedhas
Makhleb
Nemelex Xobeh
Okawaru
Ru
Sif Muna
Trog
Uskayaw
Vehumet
Wu Jian
Xom
Yredelemnul
Zin
The Shining One
Beogh

Shops:
D:1 [   D:2 [*   D:3 **=:[   D:5 (

Portals:
Gauntlet: D:12

Annotations:
D:4 2 transporters


Innate Abilities, Weirdness & Mutations

You can breathe waves of freezing cold which knock back foes.
Your icy white scales are hard. (AC +7)
You cannot fit into any form of body armour.
Your flesh is cold resistant. (rC+)
You are cold-blooded and may be slowed by cold attacks.


Message History

The shadow slips into darkness.
The shadow flickers and vanishes for a moment.
You barely miss the shadow.
The shadow is moderately damaged.
The wall freezes the very large slime creature.
The shadow completely resists.
The wall freezes the shadow but does no damage.
The shadow hits you.
You barely miss the shadow. You tail-slap the shadow.
The shadow is moderately damaged.
The wall freezes the very large slime creature.
The shadow completely resists.
The wall freezes the shadow but does no damage.
The shadow hits you.
You hit the shadow.
The shadow is severely damaged.
The wall freezes the very large slime creature!
The shadow completely resists.
The wall freezes the shadow but does no damage.
The shadow misses you.
The wall freezes the very large slime creature!
The shadow completely resists.
The wall freezes the shadow but does no damage.
The shadow hits you.
You slash the shadow!
You destroy the shadow!
Sif Muna accepts your kill.
The frozen ramparts melt away.
You slash the very large slime creature!
You freeze the very large slime creature.
You tail-slap the very large slime creature.
The very large slime creature is almost dead.
The very large slime creature hits you!!
* * * LOW HITPOINT WARNING * * *
You slash the very large slime creature!
You freeze the very large slime creature.
The very large slime creature is almost dead.
The very large slime creature closely misses you.
The very large slime creature hits you!!
You die...

### ####........# ..#
###..†......... ..##
#.....>........ ...##
#.............. ....#
##............. ....## ###
#............. .....## ###.#
#............. ......##
###...####.............
.<.....###......@J..............
.∩..#...#.......####............
....##...........# ##.........
...###...........## #.........
...##.............# ##........
..##..............## #........
..#..#.............# #########
.#..#..............#
#..##............###


You could see a very large slime creature.

Vanquished Creatures
  Harold (D:7)
  A catoblepas (D:11)
  A hydra (D:11)
  2 two-headed ogres
  A manticore (D:11)
  A gargoyle (D:10)
  4 trolls
  A hornet (D:8)
  A slime creature (D:12)
  Sigmund (D:3)
  A vampire (D:10)
  A shadow (D:12)
  2 wyverns
  5 yaks (D:11)
  A basilisk (D:10)
  Menkaure (D:7)
  A steam dragon (D:7)
  Edmund (D:5)
  2 water moccasins (D:7)
  2 sky beasts
  An orc warrior (D:7)
  2 black bears
  3 ogres
  4 wolves (D:9)
  5 centaurs
  2 phantoms (D:5)
  2 kobold brigands
  2 bullfrogs (D:7)
  A scorpion (D:4)
  A water moccasin zombie (D:5)
  A wyvern zombie (D:7)
  4 gnoll sergeants
  A wight (D:7)
  4 electric eels
  A howler monkey (D:6)
  9 centaur zombies
  11 orc priests
  A bullfrog skeleton (D:6)
  8 hounds
  A jelly (D:6)
  Crazy Yiuf (D:4)
  Ijyb (D:5)
  5 orc wizards
  A killer bee zombie (D:6)
  A hound skeleton (D:4)
  25 gnolls
  6 adders
  2 white imps (D:7)
  A worm (D:5)
  8 dart slugs
  22 orcs
  5 endoplasms
  A giant cockroach (D:1)
  8 goblins
  14 hobgoblins
  3 jackals (D:2)
  17 kobolds
  9 quokkas
  6 ball pythons
  8 bats
  3 frilled lizards
  6 rats
248 creatures vanquished.

Vanquished Creatures (others)
  3 plants (D:3)
3 creatures vanquished.

Grand Total: 251 creatures vanquished

Notes
Turn   | Place    | Note
-------+----------+-------------------------------------------
     0 | D:1      | loralnil the Draconian Ice Elementalist began the quest for
                  | the Orb.
     0 | D:1      | Reached XP level 1. HP: 14/14 MP: 3/3
   448 | D:1      | Reached XP level 2. HP: 18/20 MP: 1/5
  1151 | D:1      | Reached XP level 3. HP: 15/26 MP: 2/6
  1289 | D:1      | Found a faded altar of an unknown god.
  1294 | D:1      | Learned a level 3 spell: Frozen Ramparts
  1571 | D:1      | Found Umaseam's Armour Shoppe.
  1761 | D:2      | Reached skill level 5 in Ice Magic
  1764 | D:2      | Reached XP level 4. HP: 28/33 MP: 1/8
  1929 | D:2      | Learned a level 3 spell: Ozocubu's Armour
  2077 | D:2      | Found Orawaic's Antique Armour Shoppe.
  2456 | D:2      | Reached XP level 5. HP: 38/38 MP: 3/9
  2566 | D:2      | Found Bulux's Assorted Antiques.
  2818 | D:3      | Found Joskaxut's Armour Boutique.
  2945 | D:3      | Found Wotatot's Book Emporium.
  2986 | D:3      | Noticed Sigmund
  3005 | D:3      | Killed Sigmund
  3006 | D:3      | Reached skill level 6 in Ice Magic
  3006 | D:3      | Reached XP level 6. HP: 5/45 MP: 4/11
  3280 | D:3      | Found Imuin's Jewellery Emporium.
  3488 | D:3      | Found Zeusidiq's Assorted Antiques.
  3553 | D:3      | Found Xaenuzeg's General Store.
  3564 | D:3      | Bought a scroll of teleportation for 42 gold pieces
  4049 | D:4      | Reached skill level 7 in Ice Magic
  4284 | D:4      | Found a transporter.
  4286 | D:4      | Noticed an ice beast
  4286 | D:4      | Noticed an ice beast
  4375 | D:4      | Learned a level 4 spell: Hailstorm
  4384 | D:4      | Your scales start taking on an icy white colour.
  4384 | D:4      | Reached skill level 8 in Ice Magic
  4384 | D:4      | Reached XP level 7. HP: 51/51 MP: 4/13
  4384 | D:4      | Gained mutation: Your flesh is cold resistant. (rC+) [White
                  | Draconian growth]
  4473 | D:4      | Reached skill level 1 in Fighting
  4473 | D:4      | Reached skill level 1 in Maces & Flails
  4583 | D:4      | Found a transporter.
  4708 | D:4      | Found a sacrificial altar of Ru.
  4923 | D:4      | Found a runed translucent door.
  4924 | D:4      | Noticed Crazy Yiuf
  4930 | D:4      | Killed Crazy Yiuf
  5253 | D:5      | Entered Level 5 of the Dungeon
  5310 | D:5      | Noticed Edmund
  5318 | D:5      | Killed Edmund
  5434 | D:5      | Found Asaucech's Weapon Emporium.
  5457 | D:5      | Reached XP level 8. HP: 42/62 MP: 9/15
  5590 | D:5      | Reached skill level 5 in Spellcasting
  6026 | D:5      | Noticed Ijyb
  6032 | D:5      | Killed Ijyb
  6291 | D:5      | Reached skill level 1 in Conjurations
  6781 | D:6      | Found a staircase to the Ecumenical Temple.
  6865 | Temple   | Entered the Ecumenical Temple
  7076 | Temple   | Became a worshipper of Sif Muna the Loreminder
  7216 | D:6      | Learned a level 1 spell: Pain
  7994 | D:6      | Noticed a two-headed ogre
  8124 | D:7      | Noticed Menkaure
  8140 | D:7      | Killed Menkaure
  8141 | D:7      | Reached XP level 9. HP: 67/72 MP: 11/17
  8458 | D:7      | Noticed Harold
  8469 | D:7      | Killed Harold
  8469 | D:7      | Reached * piety under Sif Muna
  8470 | D:7      | Reached skill level 5 in Fighting
  8470 | D:7      | Reached skill level 5 in Maces & Flails
  8470 | D:7      | Reached skill level 5 in Dodging
  8514 | D:7      | Noticed a two-headed ogre
  8523 | D:7      | Killed a two-headed ogre
  8842 | D:7      | Reached XP level 10. HP: 25/83 MP: 20/20
  9337 | D:7      | Reached skill level 5 in Conjurations
 10824 | D:9      | Found a staircase to the Orcish Mines.
 10850 | D:9      | Got the Grimoire of the Illusory Blessings
 10928 | D:9      | Reached ** piety under Sif Muna
 10929 | D:9      | Reached skill level 1 in Necromancy
 11083 | D:9      | Noticed a two-headed ogre
 11091 | D:9      | Killed a two-headed ogre
 11204 | D:9      | Found a staircase to the Lair.
 11339 | D:9      | Learned a level 3 spell: Vampiric Draining
 11733 | D:10     | Entered Level 10 of the Dungeon
 11894 | D:10     | Reached XP level 11. HP: 49/92 MP: 12/23
 12439 | D:10     | Reached skill level 1 in Shields
 13079 | D:11     | Noticed a catoblepas
 13118 | D:11     | Killed a catoblepas
 13119 | D:11     | Reached skill level 9 in Ice Magic
 13745 | D:11     | Reached skill level 5 in Necromancy
 13853 | D:11     | Noticed a seven-headed hydra
 13862 | D:11     | Killed a seven-headed hydra
 14138 | D:11     | Reached *** piety under Sif Muna
 14241 | D:12     | Found a gate leading to a gauntlet.
 14409 | D:12     | Demolished by a very large slime creature

Illustrated notes

Levels and vault maps discovered:
D:1:      tarquinn_simple_flora_water_a, layout_loops_ring,
          hellmonk_ecumenical_altar_defaced_shrine, serial_shops, shop,
          hangedman_decor_clover_reticule, minmay_tromino_i4
D:2:      minmay_chambers_of_ones, layout_loops_cross, serial_shops,
          nicolae_square_shop, shop
D:3:      layout_basic, serial_shops, shop, shop,
          nicolae_shop_overgrown_old_shop, nicolae_shop_window_shopping, shop,
          uniq_sigmund
D:4:      gammafunk_cloud_chamber, layout_cave_pods,
          nicolae_ru_sacrificial_ziggurat, serial_glass, glass_columns_a,
          glass_columns_b, uniq_crazy_yiuf_cottage
D:5:      layout_gridville, serial_shops, shop, uniq_ijyb, uniq_edmund
D:6:      layout_loops_ring, minmay_temple_entry_sparse_star,
          lightli_corner_chamber
D:7:      minmay_evil_eye, layout_basic, uniq_menkaure, uniq_harold
D:8:      layout_rooms
D:9:      layout_loops_ring, erik_lair_island, orc_0_dummy
D:10:     layout_layer_cave, disabler_island
D:11:     nzn_motion_control, layout_basic, enter_bailey_2
D:12:     layout_cave_pods, gauntlet_entry_generic, uniq_frances
Temple:   roderic_octagonal_lattice_temple

Skill      XL: |  1  2  3  4  5  6  7  8  9 10 11 |
---------------+----------------------------------+-----
Stealth        | 2 |  2.0
Dodging        | 2 3 4 5 7 |  7.0
Ice Magic      | 5 6 8 9 |  9.0
Spellcasting   | 3 4 5 6 8 |  8.0
Fighting       | 2 4 6 7 |  7.0
Maces & Flails | 2 4 5 |  5.0
Conjurations   | 2 4 6 7 |  7.0
Necromancy     | 3 7 |  7.7
Shields        | 4 |  4.0

Action                   |  1- 3 |  4- 6 |  7- 9 | 10-12 || total
-------------------------+-------+-------+-------+-------++-------
Melee: Unarmed           |    10 |       |       |       ||    10
       Tailslap          |     1 |     5 |    27 |    20 ||    53
       Flail             |       |    46 |   143 |    55 ||   244
       War axe           |       |       |       |    54 ||    54
       Mace              |       |       |       |    23 ||    23
 Cast: Freeze            |    56 |    49 |    15 |    24 ||   144
       Frozen Ramparts   |     1 |     4 |    26 |    30 ||    61
       Ozocubu's Armour  |       |     3 |    25 |    30 ||    58
       Hailstorm         |       |       |     1 |    18 ||    19
 Abil: Breathe Frost     |       |       |       |     2 ||     2
  Use: Scroll            |       |     4 |     5 |     4 ||    13
       Potion            |       |     1 |       |     4 ||     5
 Stab: Sleeping          |       |     7 |       |       ||     7
Armor: Skin              |    10 |    42 |    91 |   197 ||   340
Dodge: Dodged            |    43 |    64 |   147 |   229 ||   483
